 Dungeon Crawl Stone Soup version 0.29.1-2-gbd0b4ee654 (webtiles) character file.

Game seed: 1602882407683216112

14280 GorkyZ the Fighter (level 11, 0/89 HPs)
             Began as a Demonspawn Fighter on Nov 20, 2022.
             Was an Initiate of Gozag.
             Slain by a 14-headed hydra (9 damage)
             ... on level 3 of the Lair of Beasts.
             The game lasted 00:35:43 (12155 turns).

GorkyZ the Fighter (Demonspawn Fighter)            Turns: 12155, Time: 00:35:45

Health: 0/89       AC: 20    Str: 26    XL:     11   Next: 86%
Magic:  11/11      EV:  7    Int: 12    God:    Gozag
Gold:   1078       SH:  6    Dex: 13    Spells: 10/10 levels left

rFire   . . .      SeeInvis .   g - +10 war axe of Xaufiley {spect, rElec rPois rCorr Int+2}
rCold   . . .      Faith    .   c - +0 buckler
rNeg    . . .      Spirit   .   C - +3 plate armour
rPois   +          Reflect  .   (no helmet)
rElec   +          Harm     .   (no cloak)
rCorr   +          Rampage  .   l - +0 pair of gloves
Will    .....                   (no boots)
Stlth   ..........              x - amulet of the acrobat
HPRegen 0.24/turn               p - +6 ring of strength
MPRegen 0.12/turn               n - ring of poison resistance

@: invisible
A: claws 2, hooves 2, ignite blood 1, iridescent scales 1, inability to drink
after injury 1
a: Renounce Religion, Potion Petition, Call Merchant, Bribe Branch


You were on level 3 of the Lair of Beasts.
You worshipped Gozag.
Gozag was most pleased with you.
You visited 2 branches of the dungeon, and saw 11 of its levels.

You collected 1726 gold pieces.
You spent 558 gold pieces at shops.
You paid 90 gold pieces to Gozag.

Inventory:

Hand Weapons
 a - a +0 war axe
 g - the +10 war axe of Xaufiley (weapon) {spect, rElec rPois rCorr Int+2}
   (You acquired it on level 6 of the Dungeon)

   When its wielder attacks, the weapon's spirit leaps out and strikes again.
   The spirit shares a part of any damage it takes with its wielder.
   Int:       It affects your intelligence (+2).
   rElec:     It insulates you from electricity.
   rPois:     It protects you from poison.
   rCorr:     It protects you from acid and corrosion.
 t - a +1 halberd of protection
 O - a +2 broad axe of freezing
Missiles
 m - 17 poisoned darts (quivered)
 y - 5 boomerangs
Armour
 b - a +0 scale mail
 c - a +0 buckler (worn)
 k - +0 fire dragon scales
 l - a +0 pair of gloves (worn)
 C - a +3 plate armour (worn)
Jewellery
 n - a ring of poison resistance (right hand)
 p - a +6 ring of strength (left hand)
 x - an amulet of the acrobat (around neck)
 H - an amulet of magic regeneration
Wands
 u - a wand of paralysis (18)
 D - a wand of light (1)
 P - a wand of flame (5)
Scrolls
 e - 2 scrolls of fear
 i - a scroll of butterflies
 j - 3 scrolls of teleportation
 o - 2 scrolls of blinking
 q - 2 scrolls of immolation {unknown}
 r - a scroll of enchant weapon
 s - a scroll of noise
 B - a scroll of poison
 I - a scroll of vulnerability {unknown}
 K - 4 scrolls of identify
 L - 3 scrolls of torment {unknown}
 N - a scroll of brand weapon
Potions
 d - 2 potions of might
 f - 2 potions of invisibility
 v - a potion of lignification
 w - a potion of attraction
 z - 2 potions of curing
 A - 2 potions of brilliance
 E - a potion of degeneration
 F - a potion of flight
 G - 3 potions of heal wounds
 J - 3 potions of magic {unknown}
 M - a potion of haste {unknown}
Miscellaneous
 h - a phantom mirror


   Skills:
 + Level 9.5 Fighting
 + Level 7.8(8.0) Axes
 - Level 2.7(5.6) Polearms
 + Level 7.6 Throwing
 + Level 8.7 Armour
 + Level 8.1 Shields


You had 10 spell levels left.
You didn't know any spells.
Your spell library contained the following spells:

 Spells                   Type           Power      Damage    Failure   Level
 Apportation              Tloc           0%         N/A       99%         1
 Beastly Appendage        Tmut           0%         N/A       99%         1
 Sandblast                Erth           0%         2d4       99%         1
 Ensorcelled Hibernation  Hex/Ice        0%         N/A       100%        2
 Passwall                 Tmut/Erth      0%         N/A       100%        2
 Sublimation of Blood     Necr           0%         N/A       100%        2
 Wereblood                Tmut           0%         N/A       100%        2
 Dazzling Flash           Conj/Hex       0%         N/A       100%        3
 Spider Form              Tmut/Pois      0%         N/A       100%        3
 Stone Arrow              Conj/Erth      0%         3d7       100%        3
 Swiftness                Air            0%         N/A       100%        3
 Petrify                  Tmut/Erth      0%         N/A       100%        4
 Agony                    Necr           0%         N/A       100%        5
 Alistair's Intoxication  Tmut/Pois      0%         N/A       100%        5
 Irradiate                Conj/Tmut      0%         3d11      100%        5
 Silence                  Hex/Air        0%         N/A       100%        5


Dungeon Overview and Level Annotations

Branches:
Dungeon (8/15)             Temple (0/1) D:7            Lair (3/5) D:8
  Swamp (0/4) Lair:2
  Snake: Lair:2-3    Spider: Lair:2-3

Altars:
Cheibriados
Gozag
Makhleb
Qazlal
Ru
Sif Muna
Trog
Wu Jian
Xom
Yredelemnul

Shops:
D:1 *   D:8 ?*


Innate Abilities, Weirdness & Mutations

You have very sharp fingernails.
You have hoof-like feet.
Your demonic aura sometimes causes spilled blood to erupt in flames.
You are partially covered in iridescent scales. (AC +2)
You occasionally lose the ability to drink potions when taking damage.


Message History

* * * LOW HITPOINT WARNING * * *
You block the 12-headed hydra's attack.
The wraith barely misses your +10 war axe of Xaufiley {spect, rElec rPois rCorr Int+2}.
The wraith hits you.
* * * LOW HITPOINT WARNING * * *
The wraith drains your vigour!
You feel yourself slow down.
Blink to where?
Press: ? - help, Dir - move target
As you read the scroll of blinking, it crumbles to dust.
The 12-headed hydra is engulfed in blazing flames.
The rime drake breathes ice at you. The flash freeze hits you.
* * * LOW HITPOINT WARNING * * *
You are encased in ice.
You can drink potions again.
You fade into invisibility!
The ice encasing you melts away.
Found a potion of flight.
You feel yourself speed up. The 12-headed hydra misses you.
The 12-headed hydra completely misses you.
You block the 12-headed hydra's attack. The 12-headed hydra closely misses you.
The 12-headed hydra completely misses you. x3
The 12-headed hydra bites you!
* * * LOW HITPOINT WARNING * * *
You block the 12-headed hydra's attack.
The 12-headed hydra bites you but does no damage.
The 12-headed hydra closely misses you. x2
You hack one of the 12-headed hydra's heads off!
The 11-headed hydra grows two more!
You slice the 13-headed hydra!! Your kick misses the 13-headed hydra.
The 13-headed hydra is heavily wounded.
Your +10 war axe of Xaufiley {spect, rElec rPois rCorr Int+2} hits the 13-headed hydra!
Your +10 war axe of Xaufiley {spect, rElec rPois rCorr Int+2} chops one of the 13-headed hydra's heads off!
The 12-headed hydra grows two more!
The 14-headed hydra barely misses you. The 14-headed hydra bites you.
* * * LOW HITPOINT WARNING * * *
The 14-headed hydra bites you!
You die...
Your body crumbles into a pile of gold.

####...........#
###.#...........## #
##..#.............# .
#.#...............#
(###...............##
$.##...............#
W#.................#
.#.#..............##
###........W.W.k@.#
####.........D(.#
#.#...........#
##.##........## ##
###P......#
#####...... ....P...
!...#... #.####.#


You could see a 14-headed hydra (unable to see you), a rime drake (unable to see
you), 2 wraiths and a friendly +10 war axe of Xaufiley {spect, rElec rPois rCorr
Int+2} (summoned).

Vanquished Creatures
  Josephine (Lair:3)
  Nergalle (Lair:3)
  An obsidian statue (D:8)
  A black mamba (Lair:1)
  5 cane toads
  A rime drake (Lair:1)
  4 komodo dragons
  A hornet (Lair:3)
  Grinder (D:6)
  Prince Ribbit (D:8)
  6 blink frogs (Lair:2)
  Sigmund (D:6)
  2 wyverns
  9 yaks
  3 wraiths (Lair:3)
  2 basilisks
  3 vampire mosquitoes (Lair:2)
  Edmund (D:6)
  8 water moccasins
  5 orc warriors
  A black bear (Lair:2)
  2 ice beasts
  3 ogres
  2 centaurs
  3 phantoms (D:6)
  A kobold brigand (D:8)
  13 bullfrogs
  4 scorpions
  2 necrophages (D:6)
  8 wights
  A howler monkey (D:8)
  An electric eel (Lair:2)
  10 orc priests
  4 hounds
  3 gnoll boudas
  3 iguanas
  5 orc wizards
  12 gnolls
  8 adders
  2 shadow imps
  A white imp (D:7)
  A worm (D:2)
  A dart slug (D:7)
  27 orcs
  5 bats
  7 endoplasms
  A giant cockroach (D:4)
  7 hobgoblins
  5 jackals
  6 kobolds
  2 quokkas
  A ball python (D:2)
  3 frilled lizards
  3 goblins
  3 rats
218 creatures vanquished.

Vanquished Creatures (others)
  16 fungi
  25 plants
41 creatures vanquished.

Grand Total: 259 creatures vanquished

Notes
Turn   | Place    | Note
-------+----------+-------------------------------------------
     0 | D:1      | GorkyZ the Demonspawn Fighter began the quest for the Orb.
     0 | D:1      | Reached XP level 1. HP: 18/18 MP: 1/1
   226 | D:1      | Discovered your monstrous ancestry.
   226 | D:1      | Gained mutation: You have sharp fingernails. [demonic
                  | ancestry]
   226 | D:1      | Reached XP level 2. HP: 18/24 MP: 2/2
   295 | D:1      | Found Aneoth's General Store.
  1412 | D:2      | Reached XP level 3. HP: 29/29 MP: 3/3
  1631 | D:2      | Found a faded altar of an unknown god.
  2059 | D:2      | Gained mutation: You have large cloven feet. [demonic
                  | ancestry]
  2059 | D:2      | Reached XP level 4. HP: 27/35 MP: 4/4
  3361 | D:3      | Found a bloodstained altar of Trog.
  3481 | D:4      | Noticed an ogre
  3492 | D:4      | Killed an ogre
  3493 | D:4      | Reached skill level 4 in Fighting
  3493 | D:4      | Gained mutation: You have very sharp fingernails. [demonic
                  | ancestry]
  3493 | D:4      | Reached XP level 5. HP: 19/42 MP: 5/5
  3942 | D:4      | Reached XP level 6. HP: 16/48 MP: 6/6
  4499 | D:4      | Found a stormy altar of Qazlal.
  4548 | D:4      | Found a burning altar of Makhleb.
  4788 | D:4      | Found a basalt altar of Yredelemnul.
  4893 | D:5      | Entered Level 5 of the Dungeon
  4900 | D:5      | Reached skill level 1 in Polearms
  4900 | D:5      | Reached skill level 1 in Throwing
  4916 | D:5      | Noticed an ice beast
  4936 | D:6      | Reached XP level 7. HP: 12/55 MP: 7/7
  4940 | D:6      | HP: 2/55 [gnoll/+0 club[a gnoll bouda] (6)]
  5293 | D:5      | Reached skill level 5 in Fighting
  5601 | D:5      | Found an opulent altar of Gozag.
  5625 | D:5      | Became a worshipper of Gozag Ym Sagoz the Greedy
  5633 | D:5      | Found a sacrificial altar of Ru.
  5662 | D:5      | Found a shimmering blue altar of Sif Muna.
  6403 | D:6      | Identified a scroll of acquirement
  6403 | D:6      | Acquired the +10 war axe of Xaufiley {spect, rElec rPois
                  | rCorr Int+2}
  6471 | D:6      | Noticed Grinder
  6476 | D:6      | Killed Grinder
  6477 | D:6      | Reached skill level 5 in Armour
  6477 | D:6      | Gained mutation: Your demonic aura sometimes causes spilled
                  | blood to erupt in flames. [demonic ancestry]
  6477 | D:6      | Reached XP level 8. HP: 53/64 MP: 8/8
  6672 | D:6      | Noticed Edmund
  6676 | D:6      | Killed Edmund
  6768 | D:6      | Reached skill level 6 in Fighting
  7265 | D:6      | Reached XP level 9. HP: 71/71 MP: 9/9
  7294 | D:6      | Noticed Sigmund
  7299 | D:6      | Killed Sigmund
  7300 | D:6      | Reached skill level 5 in Shields
  7777 | D:7      | Found a snail-covered altar of Cheibriados.
  8263 | D:7      | Reached skill level 5 in Axes
  8263 | D:7      | Found a shimmering altar of Xom.
  8322 | D:7      | Found a staircase to the Ecumenical Temple.
  8759 | D:8      | Reached skill level 7 in Fighting
  8759 | D:8      | Noticed a komodo dragon
  8778 | D:8      | Killed a komodo dragon
  8779 | D:8      | Reached skill level 5 in Throwing
  8997 | D:8      | Noticed Prince Ribbit
  9002 | D:8      | Killed Prince Ribbit
  9003 | D:8      | Reached XP level 10. HP: 64/79 MP: 10/10
  9022 | D:8      | Found an ornate altar of the Wu Jian Council.
  9026 | D:8      | Found Rigox's Magic Scroll Shoppe.
  9053 | D:8      | Bought a scroll of identify for 26 gold pieces
  9053 | D:8      | Bought a scroll of identify for 26 gold pieces
  9053 | D:8      | Bought a scroll of blinking for 97 gold pieces
  9053 | D:8      | Bought a scroll of enchant armour for 97 gold pieces
  9053 | D:8      | Bought a scroll of identify for 26 gold pieces
  9053 | D:8      | Bought a scroll of identify for 26 gold pieces
  9058 | D:8      | Gained mutation: You occasionally lose the ability to drink
                  | potions when taking damage. [potion of mutation]
  9059 | D:8      | Lost mutation: You occasionally lose the ability to drink
                  | potions when taking damage. [potion of mutation]
  9059 | D:8      | Gained mutation: You have hoof-like feet. [potion of
                  | mutation]
  9059 | D:8      | Gained mutation: You occasionally lose the ability to drink
                  | potions when taking damage. [potion of mutation]
  9059 | D:8      | Gained mutation: You are partially covered in iridescent
                  | scales. (AC +2) [potion of mutation]
  9313 | D:8      | Found a staircase to the Lair.
  9346 | D:8      | Noticed an obsidian statue
  9353 | D:8      | Noticed an orange demon
  9368 | D:8      | Noticed a sun demon
  9372 | D:8      | Killed an obsidian statue
  9710 | D:8      | Found Zayjuac's Assorted Antiques.
  9727 | D:8      | Bought a small ruby ring for 130 gold pieces
  9727 | D:8      | Bought a scroll labelled URHICR KOAS for 26 gold pieces
  9727 | D:8      | Bought a runed bronze wand for 104 gold pieces
  9927 | Lair:1   | Entered Level 1 of the Lair of Beasts
  9927 | Lair:1   | Noticed a cane toad
  9927 | Lair:1   | Noticed a cane toad
  9933 | Lair:1   | Killed a cane toad
  9934 | Lair:1   | Reached skill level 8 in Fighting
  9935 | Lair:1   | Killed a cane toad
  9947 | Lair:1   | Noticed a cane toad
  9953 | Lair:1   | Killed a cane toad
 10132 | Lair:1   | Noticed a black mamba
 10137 | Lair:1   | Killed a black mamba
 10343 | Lair:1   | Noticed a cane toad
 10349 | Lair:1   | Killed a cane toad
 10350 | Lair:1   | Mutation became permanent: You have large cloven feet.
                  | [demonic ancestry]
 10350 | Lair:1   | Gained mutation: You have hoof-like feet. [demonic
                  | ancestry]
 10350 | Lair:1   | Reached XP level 11. HP: 37/87 MP: 11/11
 11144 | Lair:2   | Found a staircase to the Swamp.
 11186 | Lair:2   | Reached skill level 9 in Fighting
 11983 | Lair:3   | Noticed Nergalle
 11990 | Lair:3   | Killed Nergalle
 12134 | Lair:3   | Noticed Josephine
 12134 | Lair:3   | Noticed a six-headed hydra
 12138 | Lair:3   | Killed Josephine
 12155 | Lair:3   | Slain by a 14-headed hydra

Illustrated notes

Levels and vault maps discovered:
D:1:      amcnicky_arrival_abandoned_market, layout_loops_corners, serial_shops,
          nicolae_shop_competitors_out_of_business
D:2:      layout_basic, ebering_ecumenical_altar_mist
D:3:      layout_basic, lightli_temple_of_fire
D:4:      layout_loops_ring, kennysheep_mini_moat, elyvilon_altar_1,
          lemuel_coloured_pillars_altar, makhleb_blood_cavern_becter
D:5:      layout_rooms, nicolae_gozag_seed_capital,
          mainiacjoe_overflow_catwalk_spiral
D:6:      layout_basic, uniq_edmund, uniq_grinder, uniq_sigmund
D:7:      layout_basic, kennysheep_slug_shrine, marbit_many_paths,
          minmay_temple_entry_glassed_door
D:8:      minmay_statue_hallways, layout_basic,
          nicolae_wu_jian_immortal_techniques, grunt_lair_entry_orc_guard_hut,
          serial_shops, kennysheep_little_box, kennysheep_small_square,
          uniq_prince_ribbit1
Lair:1:   layout_regular_city
Lair:2:   layout_misc_corridors, minmay_swamp_entry_swarm, lemuel_fruit_fields,
          grunt_megastairs_3, serial_bayou_shore_a
Lair:3:   regret_index_combs_of_tragedy, layout_cave_pods,
          nicolae_spider_entry_non_spiders, lemuel_fruit_tree, uniq_nergalle,
          uniq_josephine

Skill      XL: |  1  2  3  4  5  6  7  8  9 10 11 |
---------------+----------------------------------+-----
Axes           | 2 3 4 5 6 7 |  7.8
Armour         | 3 4 5 6 7 8 |  8.7
Shields        | 3 4 6 7 8 |  8.1
Fighting       | 4 5 6 7 8 9 |  9.5
Polearms       | 1 2 |  2.7
Throwing       | 1 3 4 5 6 7 |  7.6

Action                   |  1- 3 |  4- 6 |  7- 9 | 10-12 || total
-------------------------+-------+-------+-------+-------++-------
Melee: War axe           |    87 |    59 |    89 |   142 ||   377
       Kick              |       |    18 |    32 |    48 ||    98
       Halberd           |       |    52 |    77 |       ||   129
Throw: Dart              |       |    12 |    13 |       ||    25
  Use: Scroll            |       |       |    16 |     8 ||    24
       Potion            |       |       |       |     3 ||     3
 Stab: Distracted        |       |       |     2 |     1 ||     3
Armor: Scale mail        |    43 |       |       |       ||    43
       Fire dragon scale |    16 |    69 |    52 |       ||   137
       Plate armour      |       |       |     9 |    53 ||    62
Dodge: Dodged            |    41 |    66 |    63 |    51 ||   221
Block: Buckler           |    24 |     8 |    18 |    33 ||    83
